 Dungeon Crawl Stone Soup version 0.28.0-45-g0d030f2227 (webtiles) character file.

Game seed: 8865334273132216469

2669 dohliylev the Grappler (level 9, -1/85 HPs)
             Began as a Troll Monk on May 10, 2022.
             Was a Priest of Okawaru.
             Slain by a gnoll
             ... wielding a +1 whip of distortion
              (5 damage)
             ... on level 3 of the Dungeon.
             The game lasted 00:14:34 (6476 turns).

dohliylev the Grappler (Troll Monk)                 Turns: 6476, Time: 00:14:35

Health: -1/85      AC:  4    Str: 25    XL:     9   Next: 37%
Magic:  7/8        EV: 10    Int:  6    God:    Okawaru [***...]
Gold:   411        SH:  6    Dex: 12    Spells: 8/8 levels left

rFire   . . .      SeeInvis .     - Unarmed
rCold   . . .      Faith    .   A - +0 kite shield
rNeg    . . .      Spirit   .   a - +0 robe
rPois   .          Reflect  .   (helmet restricted)
rElec   .          Harm     .   C - scarf {shadows}
rCorr   .          Rampage  .   (gloves unavailable)
Will    .....                   (boots unavailable)
Stlth   +.........              (no amulet)
HPRegen 1.04/turn               (no ring)
MPRegen 0.11/turn               (no ring)

@: lit by a corona, glowing
A: large, unfitting armour, claws 3, regeneration 1, shaggy fur 1, tough skin 1
a: Renounce Religion, Heroism


You were on level 3 of the Dungeon.
You worshipped Okawaru.
Okawaru was most pleased with you.
You visited 2 branches of the dungeon, and saw 8 of its levels.

You collected 411 gold pieces.

Inventory:

Missiles
 j - 4 boomerangs (quivered)
 v - a throwing net
Armour
 a - a +0 robe (worn)
 A - a +0 kite shield (worn)
 C - a scarf of shadows (worn)
Jewellery
 x - a ring of ice
 D - a ring of protection from cold
Wands
 y - a wand of digging (8)
 B - a wand of flame (30)
Scrolls
 c - 2 scrolls of holy word {unknown}
 d - a scroll of fear {unknown}
 f - a scroll of vulnerability {unknown}
 g - 3 scrolls of noise {unknown}
 k - 2 scrolls of teleportation {unknown}
 l - a scroll of blinking {unknown}
 m - 7 scrolls of identify {unknown}
 n - a scroll of summoning {unknown}
 o - 3 scrolls of enchant weapon {unknown}
 r - a scroll of fog {unknown}
 t - a scroll of silence {unknown}
 u - a scroll of amnesia {unknown}
Potions
 b - 2 potions of curing {unknown}
 e - a potion of berserk rage
 h - a potion of degeneration {unknown}
 i - a potion of flight {unknown}
 p - a potion of attraction {unknown}
 q - a potion of magic {unknown}
 s - a potion of might {unknown}
 w - a potion of haste {unknown}
 z - 2 potions of heal wounds {unknown}


   Skills:
 + Level 4.5 Fighting
 + Level 4.8 Throwing
 + Level 5.0 Dodging
 - Level 1.0 Stealth
 + Level 9.7 Unarmed Combat


You had 8 spell levels left.
You didn't know any spells.
Your spell library contained the following spells:

 Spells                   Type           Power      Damage    Failure   Level
 Beastly Appendage        Tmut           0%         N/A       80%         1
 Shock                    Conj/Air       0%         1d3       80%         1
 Wereblood                Tmut           0%         N/A       90%         2
 Gell's Gravitas          Tloc           0%         N/A       99%         3
 Lesser Beckoning         Tloc           0%         N/A       99%         3
 Spider Form              Tmut/Pois      0%         N/A       99%         3
 Swiftness                Air            0%         N/A       99%         3
 Teleport Other           Tloc           0%         N/A       99%         3
 Airstrike                Air            0%         N/A       100%        4
 Eringya's Noxious Bog    Tmut/Pois      0%         N/A       100%        6
 Summon Forest            Summ/Tloc      Unusable   N/A       N/A         5
 Summon Hydra             Summ           Unusable   N/A       N/A         7

Dungeon Overview and Level Annotations

Branches:
Dungeon (7/15)             Temple (1/1) D:6

Altars:
Ashenzari
Cheibriados
Dithmenos
Elyvilon
Fedhas
Hepliaklqana
Kikubaaqudgha
Makhleb
Nemelex Xobeh
Okawaru
Qazlal
Ru
Trog
Uskayaw
Vehumet
Wu Jian
Xom
Yredelemnul
The Shining One
Lugonu

Annotations:
D:3 1 transporter, Hyawatha's ghost, amateur DsGl
D:5 3 runed translucent doors, diceflayer's ghost, amateur MiFi


Innate Abilities, Weirdness & Mutations

You are too large for most types of armour.
You have claws for hands.
Your natural rate of healing is unusually fast.
You are covered in fur. (AC +1)
You have tough skin. (AC +1)


Message History

The gnoll hits you from afar with the +6 halberd "Grim" {vamp, +Blink rElec}.
The gnoll hits you with a +0 club. The gnoll closely misses you.
You mangle the gnoll!!
You kill the gnoll!
Okawaru accepts your kill.
The gnoll hits you from afar with a +0 halberd!
Hyawatha's ghost hits you!
The gnoll shaman hits you with a +0 club!
The gnoll hits you from afar with the +6 halberd "Grim" {vamp, +Blink rElec}!
* * * LOW HITPOINT WARNING * * *
The gnoll barely misses you. The gnoll hits you but does no damage.
Hyawatha's ghost hits you.
* * * LOW HITPOINT WARNING * * *
Things that are here:
a +0 club; a gnoll corpse You block the gnoll's attack.
There is an open translucent door here.
A gnoll comes into view. It is wielding a +1 whip of distortion.
Found a manual of Polearms.
You scratch the gnoll shaman.
The gnoll shaman is moderately wounded.
The gnoll shaman hits you with a +0 club.
* * * LOW HITPOINT WARNING * * *
You barely miss the gnoll shaman.
The gnoll shaman is moderately wounded.
The gnoll barely misses you. The gnoll shaman closely misses you.
You scratch the gnoll shaman.
The gnoll shaman is moderately wounded.
The gnoll hits you from afar with a +2 vampiric spear.
* * * LOW HITPOINT WARNING * * *
The gnoll shaman barely misses you.
You claw the gnoll shaman!
The gnoll shaman is severely wounded.
You feel like a meek peon again.
The gnoll hits you from afar with a +2 vampiric spear.
* * * LOW HITPOINT WARNING * * *
The gnoll shaman hits you with a +0 club!
* * * LOW HITPOINT WARNING * * *
The gnoll hits you with a +1 whip of distortion.
You die...

...............................#
.....≈≈≈≈≈≈≈≈≈≈≈≈≈≈≈≈≈.........#
.....≈≈≈≈≈≈≈≈≈≈≈≈≈≈≈≈≈.........#
.....≈≈####.....####≈≈.......###
.....≈≈#..#8###8#..#≈≈.......#
.....≈≈#8.###g###.8#≈≈.......####
.....≈≈#...........#≈≈..........#
.....≈≈###.##'##g###≈≈......>...#
.....≈≈..#.#...#@#..≈≈..........#
.....≈≈.##.#...#.##.≈≈...........
.....≈≈.#..#.:.#g.#.≈≈...........
###..≈≈.##.#####g##.≈≈...........
#......#.#8(8#g#..≈≈...........
#.....©#.'g©)W.#©.≈≈...........
#......#.#...#.#..≈≈...........
#..≈≈.##.##.##.##.≈≈.##........
#..≈≈.#gW#...#.©#.≈≈.##........


You could see a gnoll shaman, Hyawatha's ghost and 3 gnolls.

Vanquished Creatures
  Duvessa (D:7)
  An orc warrior (D:6)
  2 sky beasts
  2 necrophages
  2 centaurs (D:7)
  An ogre (D:5)
  A phantom (D:5)
  2 kobold brigands (D:7)
  3 bullfrogs
  2 scorpions
  2 water moccasin zombies (D:5)
  A gnoll sergeant (D:6)
  A wyvern zombie (D:7)
  Dowan (D:7)
  3 wights (D:6)
  A howler monkey (D:4)
  2 gnoll shamans (D:6)
  5 orc priests
  4 hounds
  3 iguanas
  An orc wizard (D:4)
  A killer bee zombie (D:7)
  A hound zombie (D:5)
  Robin (D:2)
  A hound skeleton (D:7)
  20 gnolls
  10 adders
  A howler monkey skeleton (D:7)
  2 shadow imps
  A worm (D:3)
  6 dart slugs
  12 orcs
  9 ball pythons
  6 endoplasms
  2 giant cockroaches
  8 goblins
  9 hobgoblins
  4 jackals (D:3)
  3 quokkas
  7 bats
  7 frilled lizards
  22 kobolds
  2 rats
176 creatures vanquished.

Vanquished Creatures (others)
  A demonic plant (Temple)
  6 plants (D:3)
7 creatures vanquished.

Grand Total: 183 creatures vanquished

Notes
Turn   | Place    | Note
-------+----------+-------------------------------------------
     0 | D:1      | dohliylev the Troll Monk began the quest for the Orb.
     0 | D:1      | Reached XP level 1. HP: 22/22 MP: 0/0
   100 | D:1      | Reached XP level 2. HP: 20/29 MP: 1/1
   216 | D:1      | Reached XP level 3. HP: 36/36 MP: 2/2
   556 | D:1      | Found a faded altar of an unknown god.
  1119 | D:2      | Reached XP level 4. HP: 43/44 MP: 3/3
  1395 | D:2      | Noticed Robin
  1398 | D:2      | Reached skill level 4 in Unarmed Combat
  1414 | D:2      | Killed Robin
  1772 | D:3      | Noticed Hyawatha's ghost (amateur DsGl)
  1793 | D:3      | Found an ancient bone altar of Kikubaaqudgha.
  2090 | D:3      | Found a transporter.
  2091 | D:3      | Identified the +6 halberd "Grim" {vamp, +Blink rElec}
  2126 | D:3      | Found a transporter.
  2209 | D:4      | Reached XP level 5. HP: 52/53 MP: 4/4
  2246 | D:4      | Reached skill level 5 in Unarmed Combat
  2313 | D:4      | Noticed a necrophage
  2318 | D:4      | Killed a necrophage
  2319 | D:4      | Reached XP level 6. HP: 57/61 MP: 5/5
  2818 | D:4      | Reached skill level 1 in Throwing
  3055 | D:5      | Entered Level 5 of the Dungeon
  3068 | D:5      | Reached skill level 6 in Unarmed Combat
  3114 | D:5      | Found a runed translucent gate.
  3114 | D:5      | Found a runed translucent gate.
  3114 | D:5      | Found a runed translucent gate.
  3114 | D:5      | Noticed diceflayer's ghost (amateur MiFi)
  3116 | D:5      | Found a basalt altar of Yredelemnul.
  3125 | D:5      | Reached XP level 7. HP: 64/67 MP: 6/6
  3759 | D:5      | Reached skill level 7 in Unarmed Combat
  3802 | D:5      | Found a sparkling altar of Nemelex Xobeh.
  3808 | D:5      | Found a hazy altar of Hepliaklqana.
  3811 | D:5      | Found a glowing golden altar of the Shining One.
  3811 | D:5      | Found a shadowy altar of Dithmenos.
  3818 | D:5      | Found a snail-covered altar of Cheibriados.
  4197 | D:6      | Reached XP level 8. HP: 32/78 MP: 7/7
  4282 | D:6      | Found a radiant altar of Vehumet.
  4632 | D:6      | Found a sacrificial altar of Ru.
  4633 | D:6      | Found a hide-covered altar of Uskayaw.
  4811 | D:6      | Found a staircase to the Ecumenical Temple.
  4824 | Temple   | Entered the Ecumenical Temple
  4835 | Temple   | Became a worshipper of Warmaster Okawaru
  4835 | Temple   | Reached * piety under Okawaru
  4835 | Temple   | Reached ** piety under Okawaru
  4883 | D:6      | Reached skill level 8 in Unarmed Combat
  5604 | D:7      | Noticed Duvessa
  5614 | D:7      | Killed Duvessa
  5614 | D:7      | Noticed Dowan
  5615 | D:7      | Reached skill level 9 in Unarmed Combat
  5615 | D:7      | Reached XP level 9. HP: 75/85 MP: 8/8
  5622 | D:7      | Killed Dowan
  5685 | D:7      | Reached *** piety under Okawaru
  5686 | D:7      | Reached skill level 5 in Dodging
  6128 | D:7      | Found a burning altar of Makhleb.
  6475 | D:3      | HP: 3/85 [gnoll shaman/+0 club (8)]
  6476 | D:3      | Slain by a gnoll

Illustrated notes

Levels and vault maps discovered:
D:1:      arrival_zaba_pyramid, layout_basic,
          hellmonk_ecumenical_altar_prayer_group, st_stairs_10
D:2:      layout_loops_corners, bh_walls_and_bars, uniq_robin
D:3:      layout_basic, mainiacjoe_overflow_cross_hatched,
          gammafunk_ghost_gnarly_gnolls
D:4:      layout_basic
D:5:      layout_cave_pods, nicolae_overflow_hallway_of_the_gods,
          nicolae_yredelemnul_ghost_church, serial_glass, glass_columns_b,
          glass_columns_b
D:6:      layout_basic, mainiacjoe_overflow_surrounded_room,
          gammafunk_temple_overflow_statue, minmay_temple_entry_waves,
          grunt_decor_resistance
D:7:      layout_basic, makhleb_blood_cavern_becter, uniq_duvessa
Temple:   corrupted_temple

Skill      XL: |  1  2  3  4  5  6  7  8  9 |
---------------+----------------------------+-----
Dodging        | 3 4 5 |  5.0
Fighting       | 3 4 |  4.5
Unarmed Combat | 4 5 6 7 9 |  9.7
Throwing       | 1 3 4 |  4.8
Stealth        | |  1.0

Action                   |  1- 3 |  4- 6 |  7- 9 || total
-------------------------+-------+-------+-------++-------
Melee: Unarmed           |    82 |   112 |   228 ||   422
       Punch             |     1 |     3 |    10 ||    14
Throw: Boomerang         |       |    28 |    67 ||    95
Invok: Heroism           |       |       |     1 ||     1
 Stab: Sleeping          |     4 |     3 |     1 ||     8
Armor: Robe              |    31 |    25 |    40 ||    96
Dodge: Dodged            |    41 |    53 |   116 ||   210
Block: Kite shield       |       |       |    13 ||    13
